 Dungeon Crawl Stone Soup version 0.29-a0-582-ge82337ba6a (webtiles) character file.

Game seed: 3890819731808868225

17 bande the Covered (level 2, -2/19 HPs)
             Began as a Gargoyle Fighter on June 14, 2022.
             Killed by divine providence
             ... invoked by an orc priest
              (13 damage)
             ... on level 2 of the Dungeon.
             The game lasted 00:00:35 (1065 turns).

bande the Covered (Gargoyle Fighter)                Turns: 1065, Time: 00:00:35

Health: -2/19      AC:  9    Str: 19    XL:     2   Next: 62%
Magic:  2/2        EV:  9    Int:  8    God:
Gold:   7          SH:  4    Dex:  9    Spells: 1/1 levels left

rFire   . . .      SeeInvis .   a - +0 war axe
rCold   . . .      Faith    .   c - +0 buckler
rNeg    + . .      Spirit   .   b - +0 scale mail
rPois   ∞          Reflect  .   (no helmet)
rElec   +          Harm     .   (no cloak)
rCorr   .          Rampage  .   (no gloves)
Will    .....                   (no boots)
Stlth   ..........              (no amulet)
HPRegen 0.06/turn               (no ring)
MPRegen 0.08/turn               (no ring)

@: no status effects
A: sickness immunity, AC +2, negative energy resistance 1, electricity
resistance, torment resistance 1, petrification resistance
a: no special abilities


You were on level 2 of the Dungeon.
You visited 1 branch of the dungeon, and saw 2 of its levels.

You collected 7 gold pieces.

Inventory:

Hand Weapons
 a - a +0 war axe (weapon)
Armour
 b - a +0 scale mail (worn)
 c - a +0 buckler (worn)
Jewellery
 g - a ring of magical power
Scrolls
 j - a scroll of teleportation {unknown}
Potions
 d - 3 potions of might
 e - a potion of curing {unknown}
 f - a potion of mutation {unknown}
 h - 2 potions of heal wounds {unknown}
 i - 2 potions of flight {unknown}
 k - a potion of cancellation {unknown}


   Skills:
 + Level 3.5 Fighting
 + Level 2.3 Axes
 + Level 3.5 Armour
 + Level 3.3 Shields


You had one spell level left.
You didn't know any spells.
Your spell library contained the following spells:

 Spells                   Type           Power      Damage    Failure   Level
 Static Discharge         Conj/Air       0%         N/A       94%         2
 Dispel Undead            Necr           0%         3d6       100%        4
 Sticky Flame             Conj/Fire      0%         2d3       100%        4


Dungeon Overview and Level Annotations

Branches:
Dungeon (2/15)

Altars:


Innate Abilities, Weirdness & Mutations

You are immune to sickness and miasma.
Your stone body is resilient. (AC +2)
You are immune to poison.
You resist negative energy. (rN+)
You are resistant to electric shocks. (rElec)
You are resistant to unholy torment.
You are immune to petrification.


Message History

An orc comes into view. It is wielding a +0 dagger.
An orc wizard comes into view. It is wielding a +0 dagger.
The orc wizard shouts!
An orc comes into view. It is wielding a +0 club.
The orc wizard moves out of view.
The orc shouts!
The orc priest closely misses you.
You closely miss the orc priest.
The orc priest hits you but does no damage.
You closely miss the orc priest.
The orc priest mumbles some strange prayers to Beogh against you.
You barely resist. You hit the orc priest.
The orc priest is lightly wounded.
The orc priest hits you but does no damage.
You closely miss the orc. The orc hits you but does no damage.
You slash the orc!
You kill the orc!
The orc throws a boomerang.
The boomerang closely misses you.
The orc wizard gestures wildly while chanting.
The orc wizard flickers and vanishes!
Deactivating autopickup; reactivate with Ctrl-A.
The orc priest barely misses you.
You barely miss the orc priest.
The orc priest is lightly wounded.
You barely miss the orc. The orc hits you with a +0 club.
The orc hits you but does no damage.
The orc priest hits you with a +0 dagger.
Something hits you but does no damage. The orc hits you with a +0 club.
Things that are here:
a +0 dagger; a +0 leather armour You slash something!
You hit the orc priest. You slash the orc!
You kill the orc!
You barely miss the orc. You block the orc's attack.
The orc priest miscasts a cantrip.
Something hits you. Something hits you but does no damage.
The orc priest calls down the wrath of Beogh upon you.
Beogh smites you!
Ouch! That really hurt!
You die...

##<......#.#
#.###.##.# #.#
#.##.# # #.#
#.##.#.# #.#
#.##.#.#.#.#
#.#
#......<....
#.#
####.###.###
#.####.).....#
#.....o@o###.#
.......#.#
#......#.#
#.#.#.##.# #
#.#. #.# . ..
..# .. ... .#
##


You could see an orc priest and an orc.

Vanquished Creatures
  A dart slug (D:1)
  2 orcs (D:2)
  A bat (D:1)
  An endoplasm (D:1)
  2 goblins (D:1)
  A hobgoblin (D:1)
  4 jackals (D:1)
  A rat (D:1)
13 creatures vanquished.

Notes
Turn   | Place    | Note
-------+----------+-------------------------------------------
     0 | D:1      | bande the Gargoyle Fighter began the quest for the Orb.
     0 | D:1      | Reached XP level 1. HP: 14/14 MP: 1/1
   347 | D:1      | Reached XP level 2. HP: 19/19 MP: 2/2
  1065 | D:2      | Killed from afar by an orc priest

Illustrated notes

Levels and vault maps discovered:
D:1:      mrwooster_arrival_statue_2, layout_basic
D:2:      layout_basic, basic_altar, kennysheep_generic_room_8, uniq_sigmund,
          uniq_natasha

Skill      XL: |  1 |
---------------+----+-----
Axes           | 2 |  2.3
Fighting       | |  3.5
Armour         | |  3.5
Shields        | |  3.3

Action                   || total
-------------------------++-------
Melee: War axe           ||    52
Armor: Scale mail        ||    34
Dodge: Dodged            ||    32
Block: Buckler           ||     9

Table legend: (Time is in decaauts)
 A = Elapsed time spent in this place.
 B = Non-inter-level travel time spent in this place.
 C = Inter-level travel time spent in this place.
 D = Time resting spent in this place.
 E = Time spent auto-exploring this place.
 F = Levels seen in this place.
 G = Mean time per level.
                   A        B        C        D        E       F      G
               +--------+--------+--------+--------+--------+-----+--------+
         Total |   1087 |   1087 |      0 |      0 |    955 |   2 |  543.5 |
       Dungeon |   1087 |   1087 |      0 |      0 |    955 |   2 |  543.5 |
               +--------+--------+--------+--------+--------+-----+--------+

Top non-repeatable levels by time:
     D:1: 1060 daAuts
     D:2: 26 daAuts
